 Dungeon Crawl Stone Soup version 0.18.1-50-g88ac8fd (webtiles) character file.

261 striepan the Firebug (level 5, -3/28 HPs)
             Began as a Deep Elf Fire Elementalist on Sept 30, 2016.
             Slain by atarun's ghost (13 damage)
             ... in a sewer.
             The game lasted 00:19:33 (2836 turns).

striepan the Firebug (Deep Elf Fire Elementalist)   Turns: 2836, Time: 00:19:34

Health: -3/28      AC:  4    Str:  5    XL:     5   Next: 96%
Magic:  14/20      EV: 13    Int: 21    God:
Gold:   211        SH:  0    Dex: 15    Spells: 3 memorised, 4 levels left

rFire  . . .     SeeInvis .     s - -1 whip (curse)
rCold  . . .     Gourm    .     a - +0 robe
rNeg   . . .     Faith    .     (no shield)
rPois  +         Spirit   .     (no helmet)
rElec  .         Dismiss  .     (no cloak)
rCorr  .         Reflect  .     (no gloves)
SustAt .         Harm     .     f - +1 pair of boots
MR     .....                    (no amulet)
Stlth  +.........               l - ring of magical power
                                e - ring of poison resistance

@: not resistant to hostile enchantments, very unstealthy
A: no striking features
a: no special abilities


You were in a sewer.
You were not hungry.

You visited 1 branch of the dungeon, and saw 4 of its levels.
You also visited: Sewer.

You collected 211 gold pieces.

Inventory:

Hand Weapons
 g - a +0 dagger
 s - a cursed -1 whip (weapon)
 u - a +2 flail of holy wrath
 v - a +0 blowgun
Missiles
 w - 9 poisoned needles
Armour
 a - a +0 robe (worn)
 f - a +1 pair of boots (worn)
Jewellery
 e - a ring of poison resistance (left hand)
 l - a ring of magical power (right hand)
 y - a +2 ring of slaying {unknown}
Wands
 t - a wand of slowing (18/48)
Scrolls
 d - 2 scrolls of identify
 j - 3 scrolls of teleportation
 o - 3 scrolls of enchant armour
 r - a scroll of enchant weapon
 z - a scroll of fear {unknown}
 A - a scroll of magic mapping
Potions
 h - 3 potions of flight {unknown}
 k - a potion of haste {unknown}
 m - a potion of curing {unknown}
 n - a potion of might {unknown}
 p - a potion of heal wounds {unknown}
 q - 3 potions of agility {unknown}
 x - a potion of ambrosia {unknown}
Books
 b - a book of Flames

   Spells                             Type                      Level
   a - Flame Tongue                   Conjuration/Fire             1
   b - Throw Flame                    Conjuration/Fire             2
   c - Conjure Flame                  Conjuration/Fire             3
   d - Inner Flame                    Hexes/Fire                   3
   e - Sticky Flame                   Conjuration/Fire             4
   f - Fireball                       Conjuration/Fire             5
Comestibles
 c - 5 bread rations
 i - a beef jerky


   Skills:
 - Level 2.4 Dodging
 - Level 2.4 Stealth
 - Level 3.0 Spellcasting
 + Level 5.1 Conjurations
 - Level 5.2 Fire Magic


You had 4 spell levels left.
You knew the following spells:

 Your Spells              Type           Power        Failure   Level  Hunger
a - Flame Tongue          Conj/Fire      ###..        1%          1    None
b - Throw Flame           Conj/Fire      ###...       2%          2    ##.....
c - Conjure Flame         Conj/Fire      ###.....     6%          3    ###....


Dungeon Overview and Level Annotations

Branches:
Dungeon (4/15)
 Temple: D:4-7

Altars:
Ru
Trog
Xom

Annotations:
Sewer atarun's ghost, novice HOBe


Message History

Atarun's ghost closely misses you.
Casting: Flame Tongue
Confirm with . or Enter, or press ? or * to list all spells.
Aiming: Flame Tongue
Press: ? - help, Shift-Dir - straight line, f/p - atarun's ghost
Aim: atarun's ghost (steam, heavily damaged)
The flame tongue hits atarun's ghost.
Atarun's ghost is severely damaged.
Atarun's ghost is engulfed in a cloud of scalding steam.
Atarun's ghost hits you.
Casting: Flame Tongue
Confirm with . or Enter, or press ? or * to list all spells.
Aiming: Flame Tongue
Press: ? - help, Shift-Dir - straight line, f/p - atarun's ghost
Aim: atarun's ghost (steam, severely damaged)
The flame tongue hits atarun's ghost.
Atarun's ghost is almost destroyed.
Atarun's ghost is engulfed in a cloud of scalding steam.
Atarun's ghost hits you!
You die...

+.≈≈≈.+
#.≈≈≈.#
#.≈≈≈.#
+.≈≈≈.+
#.≈≈≈.#
#.≈≈≈.#
+.≈≈≈.+
#.@≈≈.#
####.W≈≈.#
#∩....∩..+
####.≈≈≈.#
#.≈≈≈.#
+.≈≈≈.+
#.≈≈≈.#
#.≈≈≈.#
+.≈≈≈.+


You could see atarun's ghost.

Vanquished Creatures
  2 orc priests (D:4)
  An iguana (D:4)
  An orc wizard (D:4)
  3 adders (D:2)
  2 oozes
  An adder skeleton (D:4)
  3 worms (D:2)
  2 dart slugs
  4 giant geckos
  9 orcs
  2 ball pythons (D:1)
  5 giant cockroaches
  9 goblins
  11 hobgoblins
  4 jackals (D:2)
  3 kobolds
  6 quokkas
  5 bats
  A giant gecko skeleton (D:4)
  2 giant newts
  5 rats
81 creatures vanquished.

Notes
Turn   | Place    | Note
--------------------------------------------------------------
     0 | D:1      | striepan the Deep Elf Fire Elementalist began the quest for the Orb.
     0 | D:1      | Reached XP level 1. HP: 10/10 MP: 6/6
    72 | D:1      | Reached XP level 2. HP: 12/15 MP: 0/8
   971 | D:2      | Reached XP level 3. HP: 19/19 MP: 7/9
   986 | D:2      | Learned a level 2 spell: Throw Flame
   990 | D:2      | Learned a level 3 spell: Conjure Flame
  1446 | D:2      | Reached XP level 4. HP: 19/24 MP: 4/10
  1671 | D:2      | Found a shimmering altar of Xom.
  1694 | D:2      | Found a bloodstained altar of Trog.
  1694 | D:2      | Found a sacrificial altar of Ru.
  2585 | D:4      | Reached skill level 5 in Conjurations
  2585 | D:4      | Reached XP level 5. HP: 28/28 MP: 11/11
  2673 | D:4      | Reached skill level 5 in Fire Magic
  2819 | D:4      | Found a glowing drain.
  2824 | Sewer    | Entered a sewer
  2824 | Sewer    | Noticed atarun's ghost (novice HOBe)
  2836 | Sewer    | Slain by atarun's ghost

Skill      XL: |  1  2  3  4  5 |
---------------+----------------+-----
Conjurations   | 2 3 5 |  5.1
Fire Magic     | 4 5 |  5.2
Dodging        | |  2.4
Stealth        | |  2.4
Spellcasting   | |  3.0

Action                   |  1- 3 |  4- 6 || total
-------------------------+-------+-------++-------
 Cast: Flame Tongue      |    76 |    90 ||   166
       Throw Flame       |     3 |     4 ||     7
       Conjure Flame     |       |     1 ||     1
  Use: Scroll            |       |     4 ||     4
  Eat: Chunk             |     1 |     5 ||     6
Armor: Robe              |     4 |     5 ||     9
Dodge: Dodged            |    12 |    11 ||    23
